AoeStats
← a.l.a.n.t

QS Arena

503694046Analyzed
4v4 RM · 1mo ago on Sep 1, 2026· 37m 59s· 8 players
Game mode
Random Map
Map size
Large (8 player)
Population
200
Speed
Normal
Resources
Standard
Victory
Conquest
Starting age
Dark Age
Ending age
Imperial Age
RankedLock teamsTeams togetherTeam positionsShared explorationLock speedFull tech treeHidden civsTurbo modeCheats
Victory
Defeat
🇧🇷 Vietnamese · Brazil
1333
+12
🇧🇷 Goths · Brazil
1325
+13
🇧🇷 Berbers · Brazil
1284
+14
🇧🇷 Franks · Brazil
1279
+15
🇪🇸 Celts · Spain
1272
-14
🇬🇧 Teutons · United Kingdom
1253
-14
🇷🇺 Dravidians · Russia
1241
-13
🇲🇽 Aztecs · Mexico
1232
-13
Koba
9:00 Feudal Age
12:47 Castle Age
11:37 Double-Bit Axe
13:50 Bow Saw
14:01 Horse Collar
14:50 Loom
18:14 Gold Mining
20:31 Gold Shaft Mining
20:49 Heavy Plow
22:42 Wheelbarrow
21:54 Town Watch
25:00 Fletching
a.l.a.n.t
4:06 Loom
6:33 Feudal Age
14:56 Fletching
16:58 Double-Bit Axe
25:14 Castle Age
26:39 Guard Tower
27:25 Bodkin Arrow
30:11 Horse Collar
32:27 Squires
32:13 Arson
32:32 Scale Mail Armor
36:49 Pikeman
40:29 Imperial Age
max_paynich
7:12 Feudal Age
5:28 Loom
7:41 Double-Bit Axe
7:38 Horse Collar
15:34 Castle Age
14:12 Man-at-Arms
14:23 Man-at-Arms
16:26 Squires
15:49 Long Swordsman
19:03 Gambesons
20:45 Scale Barding Armor
23:40 Scale Mail Armor
23:19 Pikeman
23:45 Arson
25:42 Forging
30:24 Chain Mail Armor
30:44 Iron Casting
32:10 Wheelbarrow
31:21 Town Watch
HK | Jai Guru Deva
8:16 Feudal Age
12:06 Castle Age
12:00 Scale Mail Armor
12:27 Scale Mail Armor
12:37 Forging
14:02 Forging
16:30 Eagle Warrior
17:54 Fervor
20:28 Redemption
29:24 Double-Bit Axe
29:20 Horse Collar
29:54 Double-Bit Axe
30:17 Heavy Plow
30:57 Bow Saw
31:44 Stone Mining
32:39 Wheelbarrow
36:33 Imperial Age
35:15 Chain Mail Armor
36:16 Iron Casting
MAMA YAGA
8:35 Feudal Age
9:07 Loom
11:27 Fletching
12:51 Padded Archer Armor
20:43 Castle Age
21:29 Scale Barding Armor
22:36 Double-Bit Axe
23:56 Bow Saw
27:08 Chain Barding Armor
31:41 Wheelbarrow
31:37 Gold Mining
33:57 Gold Shaft Mining
38:19 Imperial Age
36:07 Hand Cart
36:03 Husbandry
36:19 Forging
37:56 Stone Mining
AXEL2904
5:11 Loom
9:14 Feudal Age
10:09 Double-Bit Axe
10:10 Horse Collar
13:26 Castle Age
13:42 Gold Mining
14:31 Bow Saw
15:14 Bloodlines
15:27 Heavy Plow
17:05 Husbandry
19:23 Scale Barding Armor
24:43 Chain Barding Armor
28:08 Forging
28:51 Wheelbarrow
32:22 Hand Cart
34:42 Iron Casting
34:50 Stone Mining
36:15 Stone Shaft Mining
35:58 Fletching
36:08 Padded Archer Armor
TIRA-ONDA
6:53 Loom
9:24 Feudal Age
10:06 Double-Bit Axe
13:16 Castle Age
11:02 Horse Collar
11:47 Gold Mining
14:21 Bow Saw
14:08 Stone Mining
18:06 Town Watch
18:49 Heavy Plow
19:49 Fletching
22:27 Wheelbarrow
25:45 Hand Cart
33:04 Imperial Age
31:49 Bodkin Arrow
31:54 Padded Archer Armor
32:39 Ballistics
32:39 Scale Barding Armor
32:35 Scale Mail Armor
32:45 Forging
33:20 Stone Shaft Mining
33:30 Masonry
33:38 Leather Archer Armor
34:56 Chemistry
35:05 Two-Man Saw
34:35 Crop Rotation
34:16 Elite Skirmisher
35:00 Bracer
34:51 Elite Genitour
35:03 Capped Ram
35:09 Imperial Skirmisher
Tesla_G
8:41 Feudal Age
12:38 Castle Age
11:11 Double-Bit Axe
11:15 Horse Collar
14:45 Loom
19:44 Wheelbarrow
21:51 Heavy Plow
23:46 Gold Mining
25:51 Hand Cart
27:43 Fletching
30:41 Imperial Age
28:23 Padded Archer Armor
28:21 Bodkin Arrow
30:47 Gold Shaft Mining
31:07 Leather Archer Armor
32:31 Chemistry
32:00 Conscription
31:11 Crossbowman
31:57 Thumb Ring
32:14 Maghrebi Camels
32:45 Stone Mining
35:16 Bow Saw
34:37 Light Cavalry
35:28 Bloodlines
35:19 Husbandry
35:42 Scale Barding Armor
35:48 Forging
37:35 Ring Archer Armor
37:06 Hussar
38:07 Chain Barding Armor
Connection lost

Rejoining the realm…

Still unreachable

The connection could not be restored.

Session expired

The server has moved on; the page needs a fresh start.